 Dungeon Crawl Stone Soup version 0.30.1-11-g7821555f0a (webtiles) character file.

Game seed: 4130366218896883846

751 Peloso the Covered (level 7, -1/61 HPs)
             Began as a Minotaur Fighter on Nov 23, 2023.
             Slain by an iguana (3 damage)
             ... on level 5 of the Dungeon.
             The game lasted 00:05:42 (3704 turns).

Peloso the Covered (Minotaur Fighter)               Turns: 3704, Time: 00:05:42

Health: -1/61      AC: 13    Str: 18 (20) XL:     7   Next: 49%
Magic:  6/6        EV:  8    Int:  5      God:
Gold:   139        SH:  4    Dex:  9 (12) Spells: 6/6 levels left

rFire   . . .        a - +1 long sword
rCold   . . .        d - +0 buckler
rNeg    . . .        q - +0 chain mail
rPois   .            (helmet restricted)
rElec   .            c - +2 cloak
rCorr   .            (no gloves)
SInv    .            (no boots)
Will    .....        i - amulet of the acrobat Stlth
                     (no ring)
HPRegen 0.30/turn    (no ring)
MPRegen 0.10/turn

%: acrobat
@: no status effects
A: horns 2, retaliatory headbutt
a: no special abilities


You were on level 5 of the Dungeon.
You visited 1 branch of the dungeon, and saw 5 of its levels.

You collected 139 gold pieces.

Inventory:

Hand Weapons
 a - a +1 long sword (weapon)
Missiles
 r - a throwing net (quivered)
Armour
 b - a +0 scale mail
 c - a +2 cloak (worn)
 d - a +0 buckler (worn)
 q - a +0 chain mail (worn)
Jewellery
 i - an amulet of the acrobat (around neck)
 j - a +5 ring of evasion
Scrolls
 e - 2 scrolls of enchant armour {unknown}
 f - 3 scrolls of poison
 g - 2 scrolls of fog {unknown}
 k - a scroll of identify
 l - a scroll of enchant weapon
 m - a scroll of noise {unknown}
 s - a scroll of amnesia {unknown}
 u - a scroll of brand weapon {unknown}
 w - a scroll of silence {unknown}
Potions
 h - a potion of degeneration
 n - 3 potions of might
 o - a potion of resistance {unknown}
 p - a potion of magic
 v - 4 potions of brilliance
 x - a potion of flight


   Skills:
 + Level 5.5 Fighting
 + Level 6.0 Long Blades
 + Level 6.5 Armour
 + Level 2.4 Dodging
 + Level 0.1 Stealth
 + Level 5.1 Shields


You had 6 spell levels left.
You didn't know any spells.
Your spell library contained the following spells:

 Spells                   Type           Power      Damage    Failure   Level
 Slow                     Hex            0%         N/A       99%         1
 Blink                    Tloc           0%         N/A       100%        2
 Confusing Touch          Hex            0%         N/A       100%        3
 Inner Flame              Hex/Fire       0%         N/A       100%        3
 Vampiric Draining        Necr           0%         2d6       100%        3
 Animate Dead             Necr           0%         N/A       100%        4
 Manifold Assault         Tloc           0%         N/A       100%        4
 Borgnjor's Vile Clutch   Necr/Erth      0%         N/A       100%        5
 Yara's Violent Unravell  Hex/Tmut       0%         3d3       100%        5
 Death Channel            Necr           0%         N/A       100%        6
 Dispersal                Tloc           0%         N/A       100%        6
 Enfeeble                 Hex            0%         N/A       100%        7
 Storm Form               Tmut/Air       0%         N/A       100%        7
 Disjunction              Tloc           0%         N/A       100%        8


Dungeon Overview and Level Annotations

Branches:
Dungeon (5/15)
 Temple: D:4-7

Altars:
Elyvilon
Nemelex Xobeh

Shops:
D:1 (


Innate Abilities, Weirdness & Mutations

You have a pair of horns on your head.
You reflexively headbutt those who attack you in melee.


Message History

You feel your intelligence returning.
Your Long Blades skill increases to level 6!
You barely miss the adder.
You feel sick. The adder bites you but does no damage.
You hit the adder.
The adder is lightly wounded.
You feel sick. The adder closely misses you.
You slash the adder!
You kill the adder!
You feel sick.
You closely miss the iguana.
You feel sick.
You are no longer poisoned.
The iguana bites you.
* * * LOW HITPOINT WARNING * * *
You completely miss the iguana. You block the iguana's attack.
You hit the iguana.
The iguana is moderately wounded.
The iguana bites you.
* * * LOW HITPOINT WARNING * * *
You hit the iguana but do no damage.
The iguana is moderately wounded.
The iguana closely misses you.
You closely miss the iguana.
The iguana is moderately wounded.
The iguana bites you but does no damage.
The iguana bites you!
* * * LOW HITPOINT WARNING * * *
You barely miss the iguana.
The iguana is moderately wounded.
The iguana bites you but does no damage.
You hit the iguana.
The iguana is severely wounded.
The iguana barely misses you. You furiously retaliate!
You headbutt the iguana. You hit the iguana.
The iguana is almost dead.
The iguana barely misses you.
You closely miss the iguana.
The iguana is almost dead.
The iguana bites you.
You die...

..(..###...###
.......+........
...........##.###
#..... ...#......
....####.#.....#
###....#.......##.#
... ..#...##.#...#
#l# #.#..#...#....
#@###.#..#......##
#...#......###.#..
###.....##.#...#..
##...#...#......
##>.#......##.#
......##.#...#
...##.#...#....
######..#.
.#.....#.. #....#..
. ...######.


You could see an iguana.

Vanquished Creatures
  2 phantoms (D:4)
  5 killer bees (D:5)
  2 hounds (D:4)
  A jelly (D:4)
  An iguana (D:4)
  5 orc wizards (D:5)
  9 adders
  A worm (D:4)
  3 dart slugs (D:1)
  2 orcs (D:4)
  6 endoplasms
  3 giant cockroaches
  4 goblins
  7 hobgoblins
  4 jackals (D:2)
  6 kobolds
  4 quokkas (D:1)
  3 ball pythons
  2 bats
  4 frilled lizards
  9 rats
83 creatures vanquished.

Notes
Turn   | Place    | Note
-------+----------+-------------------------------------------
     0 | D:1      | Peloso the Minotaur Fighter began the quest for the Orb.
     0 | D:1      | Reached XP level 1. HP: 19/19 MP: 0/0
   169 | D:1      | Found Hala Vyd's Antique Weapon Emporium.
   265 | D:1      | Reached XP level 2. HP: 26/27 MP: 1/1
  1127 | D:2      | Reached XP level 3. HP: 33/33 MP: 2/2
  1280 | D:2      | Found a sparkling altar of Nemelex Xobeh.
  1421 | D:2      | Reached skill level 1 in Dodging
  1507 | D:2      | Reached XP level 4. HP: 40/40 MP: 3/3
  1660 | D:3      | Found a white marble altar of Elyvilon.
  1660 | D:3      | Found a sparkling altar of Nemelex Xobeh.
  2227 | D:4      | Reached XP level 5. HP: 47/47 MP: 4/4
  2338 | D:4      | Reached skill level 5 in Armour
  2364 | D:4      | Noticed a phantom
  2380 | D:4      | Killed a phantom
  2443 | D:4      | Noticed a phantom
  2454 | D:4      | Killed a phantom
  2455 | D:4      | Reached XP level 6. HP: 46/53 MP: 5/5
  2507 | D:4      | Reached skill level 5 in Long Blades
  2569 | D:4      | Reached skill level 5 in Fighting
  2943 | D:5      | Entered Level 5 of the Dungeon
  3051 | D:5      | Reached XP level 7. HP: 17/61 MP: 6/6
  3239 | D:5      | Reached skill level 5 in Shields
  3257 | D:5      | HP: 3/61 [poisoned by a killer bee]
  3700 | D:5      | HP: 1/61 [iguana (8)]
  3704 | D:5      | Slain by an iguana

Illustrated notes

Levels and vault maps discovered:
D:1:      matt_arrival_spirals, layout_loops_corners, serial_shops, shop
D:2:      layout_basic, basic_altar, grunt_ministairs_2
D:3:      layout_rooms, nicolae_overflow_two_pavilions,
          dreamdust_princess_bridge
D:4:      layout_basic, nicolae_hexahallways
D:5:      layout_basic, minmay_misc_feat_four_crosses, hangedman_decor_points,
          minmay_a_box_with_orc_wizards_in_it

Skill      XL: |  1  2  3  4  5  6  7 |
---------------+----------------------+-----
Armour         | 4 5 6 |  6.5
Fighting       | 4 5 |  5.5
Shields        | 4 5 |  5.1
Long Blades    | 3 4 5 6 |  6.0
Dodging        | 1 2 |  2.4
Stealth        | |  0.1

Action                     |  1- 3 |  4- 6 |  7- 9 || total
---------------------------+-------+-------+-------++-------
  Melee: Long sword        |    83 |   132 |    39 ||   254
         Headbutt          |     8 |    15 |     3 ||    26
    Use: Potion            |     1 |     2 |     2 ||     5
         Scroll            |       |     8 |     2 ||    10
 Armour: Scale mail        |    22 |       |       ||    22
         Chain mail        |    25 |   162 |    35 ||   222
  Dodge: Dodged            |    40 |    76 |    27 ||   143
  Block: Buckler           |    29 |    34 |    15 ||    78
